 Dungeon Crawl Stone Soup version 0.28-a0-1629-gf728b707aa (webtiles) character file.

Game seed: 12595848782253353834

3843 freelancePsychic the Skirmisher (level 9, -6/74 HPs)
             Began as a Demonspawn Brigand on Jan 25, 2022.
             Was a Believer of Sif Muna.
             Mangled by a fire elemental (8 damage)
             ... summoned by a deep elf pyromancer
             ... on level 8 of the Dungeon.
             The game lasted 00:17:38 (11465 turns).

freelancePsychic the Skirmisher (DsBr)             Turns: 11465, Time: 00:17:39

Health: -6/74      AC:  6    Str: 12    XL:     9   Next: 98%
Magic:  23/23      EV: 13    Int: 20    God:    Sif Muna [**....]
Gold:   351        SH:  0    Dex: 22    Spells: 15/15 levels left

rFire   . . .      SeeInvis .   n - +1 dagger (drain)
rCold   . . .      Faith    .   (no shield)
rNeg    . . .      Spirit   .   m - +2 leather armour "Kog Gyap" {Int+4 Dex+7}
rPois   +          Reflect  .   (helmet restricted)
rElec   .          Harm     .   A - +0 cloak {rCorr}
rCorr   +          Rampage  .   (no gloves)
Will    .....                   (no boots)
Stlth   +++.......              (no amulet)
HPRegen 0.22/turn               l - ring of poison resistance
MPRegen 0.18/turn               u - ring of magical power

@: mighty, studying Long Blades
A: horns 1, ignite blood 3, weakness stinger 1, demonic touch 1
a: Renounce Religion, Channel Magic


You were on level 8 of the Dungeon.
You worshipped Sif Muna.
Sif Muna was pleased with you.
You visited 1 branch of the dungeon, and saw 8 of its levels.
You also visited: Sewer.

You collected 571 gold pieces.
You spent 220 gold pieces at shops.

Inventory:

Hand Weapons
 n - a +1 dagger of draining (weapon)
Missiles
 d - 22 poisoned darts
Armour
 b - a +0 robe
 c - a +0 cloak
 m - the +2 leather armour "Kog Gyap" (worn) {Int+4 Dex+7}
   (You found it on level 2 of the Dungeon)

   Int:       It affects your intelligence (+4).
   Dex:       It affects your dexterity (+7).
 A - a +0 cloak of preservation (worn)
Jewellery
 l - a ring of poison resistance (left hand)
 u - a ring of magical power (right hand)
Wands
 e - a wand of digging (3)
 y - a wand of polymorph (6) (quivered)
 z - a wand of flame (13)
 D - a wand of iceblast (9)
 E - a wand of mindburst (19)
Scrolls
 a - a scroll of enchant armour
 f - a scroll of summoning
 i - 3 scrolls of blinking
 o - 3 scrolls of amnesia
 s - a scroll of fear
 x - a scroll of fog
Potions
 j - 4 potions of curing {unknown}
 k - 2 potions of haste {@q3}
 p - 2 potions of invisibility {unknown}
 q - 3 potions of brilliance
 t - a potion of experience {unknown}
 v - a potion of heal wounds {unknown}
 w - a potion of mutation {unknown}
 B - 4 potions of lignification {unknown}


   Skills:
 + Level 7.8 Fighting
 - Level 5.1 Short Blades
 - Level 3.0 Throwing
 - Level 2.9 Dodging
 - Level 3.6 Stealth
 + Level 3.8 Spellcasting
 + Level 5.7 Transmutations
 + Level 5.7 Air Magic


You had 15 spell levels left.
You didn't know any spells.
Your spell library was empty.

Dungeon Overview and Level Annotations

Branches:
Dungeon (8/15)             Temple (0/1) D:7           Sewer (visited)
   Lair: D:8-11

Altars:
Fedhas
Makhleb
Nemelex Xobeh
Qazlal
Ru
Sif Muna
Vehumet
Wu Jian
Xom

Shops:
D:2 (   D:4 ![:

Annotations:
D:2 Natasha


Innate Abilities, Weirdness & Mutations

You have a pair of small horns on your head.
Your demonic aura causes all spilled blood to erupt in flames.
You have a small tail.
Your touch may inflict minor irresistible damage on your foes.


Message History

The deep elf pyromancer casts a spell at you.
The bolt of fire hits the fire elemental.
The fire elemental completely resists.
The bolt of fire hits you!!
* * * LOW HITPOINT WARNING * * *
The fire elemental closely misses you. The fire elemental barely misses you.
As you read the scroll of fear, it crumbles to dust.
You assume a fearsome visage.
The fire elemental is unaffected.
The deep elf pyromancer looks frightened!
The fire elemental is unaffected.
The fire elemental is unaffected.
The orc looks frightened! x3; The fire elemental hits you.
The fire elemental burns you!
* * * LOW HITPOINT WARNING * * *
The fire elemental closely misses you.
The deep elf pyromancer gestures wildly while chanting.
The deep elf pyromancer blinks!
Unknown command.
Unknown command.
Unknown command.
Unknown command.
Unknown command.
Unknown command.
Unknown command.
Unknown command.
Unknown command.
Unknown command.
Unknown command.
Unknown command.
Unknown command.
Unknown command.
Unknown command.
Unknown command.
Unknown command.
Unknown command.
Unknown command.
Unknown command.
Unknown command.
The fire elemental hits you. The fire elemental burns you!
You die...

#.)...........###.###
#.o....e.....,* #..##
*#)...o......,* ##.##
#..)..o.....,* #..#
*#..........** ##.#
#☼E........* #..
#☼☼........* ##.
##EE.###...#* #.
#..@.# **### #.
##...## ## ##....###
# #.......## #
##........##
#..........# ##
#..........# ####.
#..........# ###....
##.......###
####....##


You could see a deep elf pyromancer (fleeing), 3 fire elementals and 3 orcs.

Vanquished Creatures
  A hornet (D:7)
  A yak (D:8)
  2 wyverns
  Eustachio (D:4)
  2 steam dragons
  Edmund (D:6)
  2 water moccasins
  Pargi (Sewer)
  3 ice beasts
  2 necrophages
  3 ogres
  A centaur (D:6)
  2 phantoms (D:6)
  A kobold brigand (D:5)
  3 bullfrogs
  2 gnoll sergeants
  A scorpion (D:4)
  A wight (D:7)
  A howler monkey (D:8)
  A crimson imp (D:3)
  Crazy Yiuf (D:4)
  A bullfrog zombie (D:6)
  2 hounds
  4 orc priests
  A jelly (D:6)
  A centaur skeleton (D:4)
  Jessica (D:2)
  Terence (D:2)
  2 iguanas (D:4)
  7 orc wizards
  Natasha (D:2)
  9 gnolls
  A howler monkey skeleton (D:2)
  7 adders
  3 white imps
  An ufetubus (D:3)
  2 adder skeletons
  2 worms
  3 dart slugs
  18 orcs
  11 endoplasms
  7 giant cockroaches
  3 goblins
  8 hobgoblins
  3 jackals (D:4)
  10 quokkas
  11 ball pythons
  5 bats
  8 frilled lizards
  13 kobolds
  A quokka skeleton (D:4)
  2 rats
182 creatures vanquished.

Vanquished Creatures (others)
  An orc (D:8)
  2 plants (D:7)
3 creatures vanquished.

Grand Total: 185 creatures vanquished

Notes
Turn   | Place    | Note
-------+----------+-------------------------------------------
     0 | D:1      | freelancePsychic the Demonspawn Brigand began the quest for
                  | the Orb.
     0 | D:1      | Reached XP level 1. HP: 16/16 MP: 1/1
   286 | D:1      | Gained mutation: Your demonic aura sometimes causes spilled
                  | blood to erupt in flames. [demonic ancestry]
   286 | D:1      | Reached XP level 2. HP: 22/22 MP: 2/2
  1313 | D:2      | Discovered your monstrous ancestry.
  1313 | D:2      | Gained mutation: You have a pair of small horns on your
                  | head. [demonic ancestry]
  1313 | D:2      | Reached XP level 3. HP: 27/28 MP: 3/3
  1359 | D:2      | Noticed Jessica
  1375 | D:2      | Killed Jessica
  1447 | D:2      | Noticed Natasha
  1562 | D:2      | Reached XP level 4. HP: 34/34 MP: 4/4
  1630 | D:2      | Noticed Terence
  1659 | D:2      | Killed Terence
  1978 | D:2      | Identified the +2 leather armour "Kog Gyap" {Int+4 Dex+7}
  2033 | D:2      | Found Metyet's Antique Weapon Shoppe.
  2056 | D:2      | Bought a runed dagger for 120 gold pieces
  2242 | D:2      | Reached skill level 3 in Fighting
  2267 | D:2      | Reached skill level 1 in Dodging
  2267 | D:2      | Gained mutation: Your touch may inflict minor irresistible
                  | damage on your foes. [demonic ancestry]
  2267 | D:2      | Reached XP level 5. HP: 29/41 MP: 5/5
  2272 | D:2      | Killed Natasha
  2628 | D:2      | Noticed Natasha
  2693 | D:3      | Found an ornate altar of the Wu Jian Council.
  3085 | D:3      | Gained mutation: Your demonic aura often causes spilled
                  | blood to erupt in flames. [demonic ancestry]
  3085 | D:3      | Reached XP level 6. HP: 47/47 MP: 6/6
  3106 | D:3      | Found a faded altar of an unknown god.
  3453 | D:3      | Found a shimmering altar of Xom.
  3453 | D:3      | Found a burning altar of Makhleb.
  3763 | D:4      | Found a glowing drain.
  3779 | Sewer    | Entered a sewer
  3810 | Sewer    | Noticed Pargi
  3822 | Sewer    | Killed Pargi
  4191 | D:4      | Found a stormy altar of Qazlal.
  4208 | D:4      | Found Goestrie's Distillery.
  4211 | D:4      | Bought a potion of haste for 100 gold pieces
  4361 | D:4      | Noticed Eustachio
  4435 | D:3      | Reached skill level 4 in Fighting
  4667 | D:3      | Found a shimmering blue altar of Sif Muna.
  4675 | D:3      | Became a worshipper of Sif Muna the Loreminder
  4757 | D:4      | Found a runed translucent door.
  4758 | D:4      | Noticed Crazy Yiuf
  4790 | D:4      | Gained mutation: Your demonic aura causes all spilled blood
                  | to erupt in flames. [demonic ancestry]
  4790 | D:4      | Reached XP level 7. HP: 44/54 MP: 7/7
  4897 | D:4      | Found Ograj's Antique Armour Shop.
  4948 | D:4      | Reached skill level 5 in Short Blades
  5046 | D:4      | Found Abemo's Book Shoppe.
  5562 | D:4      | Killed Eustachio
  5563 | D:4      | Reached skill level 1 in Transmutations
  5563 | D:4      | Reached skill level 1 in Air Magic
  5851 | D:4      | Killed Crazy Yiuf
  5900 | D:5      | Entered Level 5 of the Dungeon
  5933 | D:5      | Reached skill level 5 in Fighting
  6080 | D:5      | Gained mutation: You have a small tail. [demonic ancestry]
  6080 | D:5      | Reached XP level 8. HP: 62/62 MP: 8/8
  6109 | D:5      | Found a sacrificial altar of Ru.
  6435 | D:5      | Found a radiant altar of Vehumet.
  6591 | D:5      | Found a sparkling altar of Nemelex Xobeh.
  6599 | D:5      | Reached * piety under Sif Muna
  7018 | D:6      | Noticed Edmund
  7031 | D:6      | Killed Edmund
  7032 | D:6      | Reached skill level 6 in Fighting
  7603 | D:6      | Reached skill level 1 in Spellcasting
  7603 | D:6      | Reached XP level 9. HP: 53/71 MP: 10/10
  8317 | D:7      | Found a blossoming altar of Fedhas.
  8934 | D:7      | Reached skill level 7 in Fighting
  9287 | D:7      | Found a staircase to the Ecumenical Temple.
  9535 | D:8      | Reached skill level 5 in Transmutations
  9716 | D:8      | Reached skill level 5 in Air Magic
  9886 | D:8      | Noticed a deep elf pyromancer
 10788 | D:8      | Reached ** piety under Sif Muna
 11464 | D:8      | HP: 2/74 [fire elemental[a deep elf pyromancer] (8)]
 11465 | D:8      | Mangled by a fire elemental

Illustrated notes

Levels and vault maps discovered:
D:1:      lightli_arrival_boilingwater, layout_basic
D:2:      layout_loops_corners, serial_shops, shop_coins, uniq_jessica,
          uniq_terence, uniq_natasha
D:3:      layout_basic, grunt_temple_overflow_champion_of_chaos,
          nicolae_wu_jian_wuxing_cycle, tgw_sif,
          shapermc_ecumenical_altar_totnotflames
D:4:      layout_layer_cave, mainiacjoe_overflow_six_doors_small,
          gup_sewer_entry_pipe, serial_shops, kennysheep_mini_moat,
          nicolae_shop_trees, shop, uniq_crazy_yiuf_cottage, uniq_eustachio
D:5:      layout_rooms, nemelex_dance_club_becter, grunt_temple_overflow_open,
          lightli_corner_chamber
D:6:      layout_loops_ring, serial_rivers, chequers_serial_rivers_micro_e,
          chequers_serial_rivers_micro_a, chequers_serial_rivers_large_b,
          chequers_serial_rivers_small_a, chequers_serial_rivers_large_a,
          ebering_dispersal_statue_hall, minmay_holes,
          chequers_serial_rivers_micro_b, uniq_edmund
D:7:      layout_basic, mainiacjoe_overflow_tiny_flanked,
          minmay_temple_entry_gardened_gates, serial_shops, shop,
          grunt_ministairs_5
D:8:      layout_cave_pods, serial_glass, glass_columns_c, glass_columns_a,
          minmay_manual_mess

Skill      XL: |  1  2  3  4  5  6  7  8  9 |
---------------+----------------------------+-----
Short Blades   | 2 3 4 5 |  5.1
Throwing       | 2 3 |  3.0
Fighting       | 3 4 5 6 7 |  7.8
Dodging        | 1 2 |  2.9
Transmutations | 2 4 5 |  5.7
Air Magic      | 2 4 5 |  5.7
Spellcasting   | 1 3 |  3.8
Stealth        | |  3.6

Action                   |  1- 3 |  4- 6 |  7- 9 || total
-------------------------+-------+-------+-------++-------
Melee: Dagger            |    81 |   196 |   307 ||   584
       Punch             |     1 |     1 |     3 ||     5
       Headbutt          |     2 |    44 |    79 ||   125
       Touch             |       |    25 |    66 ||    91
       Tailslap          |       |       |    53 ||    53
Throw: Dart              |    11 |    24 |    32 ||    67
Evoke: Wand              |       |       |     3 ||     3
  Use: Scroll            |     2 |     5 |     6 ||    13
       Potion            |       |       |     1 ||     1
 Stab: Sleeping          |     4 |     5 |     9 ||    18
       Distracted        |       |     2 |     2 ||     4
Armor: Leather armour    |    18 |    52 |    75 ||   145
       Robe              |     1 |       |       ||     1
Dodge: Dodged            |    53 |    94 |   147 ||   294

Table legend: (Time is in decaauts)
 A = Elapsed time spent in this place.
 B = Non-inter-level travel time spent in this place.
 C = Inter-level travel time spent in this place.
 D = Time resting spent in this place.
 E = Time spent auto-exploring this place.
 F = Levels seen in this place.
 G = Mean time per level.
                   A        B        C        D        E       F      G
               +--------+--------+--------+--------+--------+-----+--------+
         Total |  11413 |  11109 |    304 |   1065 |   8153 |   9 | 1268.1 |
       Dungeon |  11185 |  10881 |    304 |   1065 |   8029 |   8 | 1398.1 |
         Sewer |    227 |    227 |      0 |      0 |    123 |   1 |  227.0 |
               +--------+--------+--------+--------+--------+-----+--------+

Top non-repeatable levels by time:
     D:6: 1884 daAuts
     D:4: 1751 daAuts
     D:8: 1549 daAuts
     D:2: 1378 daAuts
     D:1: 1283 daAuts
     D:7: 1277 daAuts
     D:3: 1233 daAuts
     D:5: 827 daAuts
   Sewer: 227 daAuts
